 Dungeon Crawl Stone Soup version 0.31-a0-986-g5e6e4ef867 (webtiles) character file.

Game seed: 14110846971823893862

33 sammy202020 the Covered (level 3, 18/33 HPs)
             Began as a Minotaur Fighter on Nov 22, 2023.
             Quit the game on level 1 of the Dungeon.
             The game lasted 00:01:10 (848 turns).

sammy202020 the Covered (Minotaur Fighter)           Turns: 848, Time: 00:01:10

Health: 18/33      AC:  8    Str: 20    XL:     3   Next: 12%
Magic:  2/2        EV:  9    Int:  7    God:
Gold:   24         SH:  4    Dex:  7    Spells: 2/2 levels left

rFire   . . .        a - +0 flail
rCold   . . .        c - +0 buckler
rNeg    . . .        b - +0 scale mail
rPois   .            (helmet restricted)
rElec   .            (no cloak)
rCorr   .            (no gloves)
SInv    .            f - +0 pair of boots
Will    .....        (no amulet) Stlth
                     (no ring)
HPRegen 0.25/turn    (no ring)
MPRegen 0.08/turn

%: no passive effects
@: no status effects
A: horns 2, retaliatory headbutt, clumsy 1, devolution 1
a: no special abilities


You were on level 1 of the Dungeon.
You visited 1 branch of the dungeon, and saw 1 of its levels.

You collected 24 gold pieces.

Inventory:

Hand Weapons
 a - a +0 flail (weapon)
Armour
 b - a +0 scale mail (worn)
 c - a +0 buckler (worn)
 f - a +0 pair of boots (worn)
Jewellery
 k - a ring of magical power
Potions
 d - a potion of might
 e - 2 potions of ambrosia
 g - a potion of lignification


   Skills:
 * Level 4.0 Fighting
 * Level 2.9 Maces & Flails
 * Level 4.0 Armour
 + Level 0.9 Dodging
 * Level 4.0 Shields


You had 2 spell levels left.
You didn't know any spells.
Your spell library contained the following spells:

 Spells                   Type           Power      Damage    Failure   Level
 Cause Fear               Hex            0%         N/A       100%        4
 Fireball                 Conj/Fire      0%         3d3       100%        5
 Dragon's Call            Summ           0%         N/A       100%        9


Dungeon Overview and Level Annotations

Branches:
Dungeon (1/15)

Altars:


Innate Abilities, Weirdness & Mutations

You have a pair of horns on your head.
You reflexively headbutt those who attack you in melee.
You are clumsy. (Dex -2)
You have hidden genetic defects.


Message History

The bat hits you but does no damage. The bat hits you but does no damage.
The bat hits you but does no damage. The bat hits you but does no damage.
The bat hits you but does no damage.
You barely miss the bat. The bat closely misses you. The bat barely misses you.
You hit the bat.
The bat is severely wounded.
The bat closely misses you. You furiously retaliate!
You headbutt the bat, but do no damage. You hit the bat.
You kill the bat!
No target in view!
No target in view!
No target in view!
No target in view!
You see here a bat corpse.
Found a stone staircase leading down.
There is a stone staircase leading down here.
You see here a +0 scale mail.
You see here a +0 scale mail.
You open the door.
Done exploring.
Done exploring.
No target in view!
As you read the scroll labelled AHUOGU BIORARGH, it crumbles to dust.
You feel strangely unstable.
It was a scroll of teleportation.
As you read the scroll labelled LUEKEB EFEASU, it crumbles to dust.
It is a scroll of identify.
g - a potion of lignification
As you read the scroll of identify, it crumbles to dust.
e - 2 potions of ambrosia
As you read the scroll labelled JOSOEG GOVVIMAVUC, it crumbles to dust.
Your body is wracked with pain!
It was a scroll of torment.
It was a potion of mutation.
You feel extremely strange.
You feel a hidden malignance growing inside you.
You feel clumsy.
Your surroundings suddenly seem different.
Are you sure you want to abandon this character and quit the game? (Confirm with "yes".)

#.........# ##.....
#.###.##### ###.<.
#.##...## ##.....
##.#.....# ###...###
#........###...### #
#..#)....##.####
########...#......##
#.....[....########
#####
#.######..@######
#.... #.#
#........## #.###
#)# ##.####...## #.#
#.#
#..##.#.#.#####.#
#.#
##'#######.##...#
#.#
##≈≈≈≈≈#.....#)###
#.#
#≈....##.#.......
#.#
#≈....#.##..###.#
#.# #≈....####..#
#..


There were no monsters in sight!

Vanquished Creatures
  4 endoplasms (D:1)
  2 giant cockroaches (D:1)
  4 goblins (D:1)
  3 hobgoblins (D:1)
  3 quokkas (D:1)
  2 ball pythons (D:1)
  7 bats (D:1)
  3 frilled lizards (D:1)
  2 rats (D:1)
30 creatures vanquished.

Notes
Turn   | Place    | Note
-------+----------+-------------------------------------------
     0 | D:1      | sammy202020 the Minotaur Fighter began the quest for the
                  | Orb.
     0 | D:1      | Reached XP level 1. HP: 19/19 MP: 0/0
   166 | D:1      | Reached XP level 2. HP: 27/27 MP: 1/1
   525 | D:1      | Reached XP level 3. HP: 33/33 MP: 2/2
   847 | D:1      | Gained mutation: You have hidden genetic defects. [potion
                  | of mutation]
   847 | D:1      | Gained mutation: You are clumsy. (Dex -2) [potion of
                  | mutation]
   848 | D:1      | Quit the game

Illustrated notes

Levels and vault maps discovered:
D:1:      dpeg_arrival_simpleton_a, layout_loops_ring, nrook_loot_triangle,
          chequers_serial_rivers_room_a

Skill      XL: |  1  2 |
---------------+-------+-----
Armour         | 4 |  4.0
Shields        | 4 |  4.0
Fighting       | 4 |  4.0
Maces & Flails | |  2.9
Dodging        | |  0.9

Action                     || total
---------------------------++-------
  Melee: Flail             ||    62
         Headbutt          ||     6
    Use: Scroll            ||     4
         Potion            ||     1
 Armour: Scale mail        ||    42
  Dodge: Dodged            ||    32
  Block: Buckler           ||    14

Table legend: (Time is in decaauts)
 A = Elapsed time spent in this place.
 B = Non-inter-level travel time spent in this place.
 C = Inter-level travel time spent in this place.
 D = Time resting spent in this place.
 E = Time spent auto-exploring this place.
 F = Levels seen in this place.
 G = Mean time per level.
                   A        B        C        D        E       F      G
               +--------+--------+--------+--------+--------+-----+--------+
         Total |    867 |    867 |      0 |      0 |    650 |   1 |  867.0 |
       Dungeon |    867 |    867 |      0 |      0 |    650 |   1 |  867.0 |
               +--------+--------+--------+--------+--------+-----+--------+

Top non-repeatable levels by time:
     D:1: 867 daAuts
